 Dungeon Crawl Stone Soup version 0.25.1-2-g60ff931df9 (webtiles) character file.

Game seed: 16629794219598367628

611 sankara the Ruffian (level 7, 0/57 HPs)
             Began as a Minotaur Transmuter on Nov 30, 2020.
             Slain by a shadow imp (4 damage)
             ... on level 4 of the Dungeon.
             The game lasted 00:12:37 (5188 turns).

sankara the Ruffian (Minotaur Transmuter)           Turns: 5188, Time: 00:12:37

Health: 0/57       AC:  8    Str: 15    XL:     7   Next: 20%
Magic:  4/9        EV: 12    Int: 12    God:
Gold:   142        SH:  0    Dex: 10    Spells: 5/11 levels left

rFire    + . .     SeeInvis .     - Unarmed
rCold    + . .     Gourm    .   (no shield)
rNeg     . . .     Faith    .   w - +2 robe {rF+}
rPois    .         Spirit   .   l - +2 hat
rElec    .         Reflect  .   b - +0 cloak
rCorr    .         Harm     .   (no gloves)
MR       .....                  x - +0 pair of boots
Stlth    +.........             (no amulet)
HPRegen  0.19/turn              k - ring of protection from cold
MPRegen  0.11/turn              (no ring)

@: very slightly contaminated
A: retaliatory headbutt, horns 2
a: no special abilities


You were on level 4 of the Dungeon.
You were not hungry.

You visited 1 branch of the dungeon, and saw 5 of its levels.

You collected 142 gold pieces.

Inventory:

Missiles
 a - 40 arrows
 g - 62 stones (quivered)
 y - 2 boomerangs
 D - 3 javelins
Armour
 b - a +0 cloak (worn)
 h - a +0 tower shield
 l - a +2 hat (worn)
 t - a +0 chain mail
 w - a +2 robe of fire resistance (worn)
 x - a +0 pair of boots (worn)
Jewellery
 k - a ring of protection from cold (left hand)
 E - an uncursed amulet of reflection {unknown}
Wands
 n - a wand of digging (6)
Scrolls
 c - 2 scrolls of fog {unknown}
 e - a scroll of remove curse {unknown}
 f - 2 scrolls of blinking {unknown}
 i - a scroll of identify {unknown}
 m - 3 scrolls of teleportation {unknown}
 o - a scroll of immolation {unknown}
 q - a scroll of enchant weapon {unknown}
 v - 2 scrolls of random uselessness {unknown}
 B - 2 scrolls of amnesia {unknown}
Potions
 j - 2 potions of lignification {unknown}
 p - 2 potions of haste
 r - a potion of brilliance {unknown}
 s - 3 potions of flight {unknown}
 u - a potion of might {unknown}
 z - a potion of resistance {unknown}
 A - a potion of curing {unknown}
 C - a potion of stabbing {unknown}
Comestibles
 d - 8 rations


   Skills:
 - Level 3.0 Fighting
 - Level 3.0 Dodging
 + Level 6.1 Unarmed Combat
 + Level 2.6 Spellcasting
 + Level 2.9 Transmutations
 + Level 1.9 Poison Magic


You had 5 spell levels left.
You knew the following spells:

 Your Spells              Type           Power        Failure   Level  Hunger
a - Beastly Appendage     Tmut           #.....       8%          1    #......
b - Sticks to Snakes      Tmut           #.......     12%         2    ###....
c - Spider Form           Tmut/Pois      #.........   28%         3    ###....

Your spell library contained the following spells:

 Spells                   Type           Power        Failure   Level  Hunger
 Confusing Touch          Hex            #.......     61%         3    ###....
 Gell's Gravitas          Tloc           #.........   61%         3    ###....
 Ice Form                 Ice/Tmut       #.......     80%         4    #####..
 Petrify                  Tmut/Erth      #.......     80%         4    #####..
 Blade Hands              Tmut           #.........   91%         5    ######.
 Yara's Violent Unravell  Hex/Tmut       #.........   98%         5    ######.
 Metabolic Englaciation   Hex/Ice        #.........   100%        5    ######.


Dungeon Overview and Level Annotations

Branches:
Dungeon (5/15)
 Temple: D:4-7

Altars:
Elyvilon
Vehumet
Yredelemnul

Annotations:
D:5 Eustachio


Innate Abilities, Weirdness & Mutations

You reflexively headbutt those who attack you in melee.
You have a pair of horns on your head.


Message History

Your transformation has ended.
Your +0 cloak unmelds from your body.
Your +2 hat unmelds from your body.
Your +0 pair of boots unmelds from your body.
Your +2 robe of fire resistance unmelds from your body.
You feel resistant to fire. The shadow imp hits you.
* * * LOW HITPOINT WARNING * * *
You closely miss the shadow imp.
The shadow imp is moderately wounded.
The worker ant closely misses you.
The shadow imp hits you but does no damage.
You closely miss the shadow imp.
The shadow imp is moderately wounded.
The worker ant bites you but does no damage.
The shadow imp barely misses you. You furiously retaliate!
You headbutt the shadow imp. You barely miss the shadow imp.
Your headbutt misses the shadow imp.
The shadow imp is almost dead.
You kill the worker ant!
The shadow imp hits you.
You die...

........####......##........####
..................###........#
.................####.......##
.......<.....##..# #.......##
.................####.....####
.............#...............####
......<......##..............#..#
................................#
..............#.@#..........#....
#........######5†#.........###..#
#........## #.>#......#........
..#.......#####.###.##.....#...#.
.##...##....##..##..###...###.###
.#.....#....##...##.###....#...#.
..#.#..###...........#......._...
.##....# #.................#...#.
.#.....###................###.###


You could see a shadow imp.

Vanquished Creatures
  Sigmund (D:3)
  An ogre (D:4)
  A howler monkey (D:5)
  A jelly (D:5)
  2 orc priests (D:3)
  An iguana (D:5)
  Crazy Yiuf (D:3)
  A worker ant (D:4)
  Robin (D:3)
  6 adders
  An ooze (D:4)
  A worm (D:2)
  A dart slug (D:3)
  2 leopard geckos (D:3)
  8 orcs
  2 ball pythons
  3 giant cockroaches
  16 goblins
  13 hobgoblins
  4 jackals
  3 quokkas
  9 bats
  4 frilled lizards
  3 kobolds
  4 rats
90 creatures vanquished.

Notes
Turn   | Place    | Note
-------+----------+-------------------------------------------
     0 | D:1      | sankara the Minotaur Transmuter began the quest for the
                  | Orb.
     0 | D:1      | Reached XP level 1. HP: 16/16 MP: 1/1
   301 | D:1      | Reached XP level 2. HP: 21/23 MP: 3/3
   448 | D:1      | Learned a level 2 spell: Sticks to Snakes
  1134 | D:2      | Reached skill level 4 in Unarmed Combat
  1134 | D:2      | Reached XP level 3. HP: 9/29 MP: 2/4
  1784 | D:2      | Found a white marble altar of Elyvilon.
  2086 | D:3      | Noticed Sigmund
  2232 | D:2      | Reached XP level 4. HP: 27/37 MP: 3/5
  2326 | D:3      | Noticed Robin
  2428 | D:2      | Learned a level 3 spell: Spider Form
  2701 | D:3      | Killed Robin
  3083 | D:3      | Killed Sigmund
  3083 | D:3      | Reached skill level 5 in Unarmed Combat
  3083 | D:3      | Reached XP level 5. HP: 38/45 MP: 3/7
  3083 | D:3      | Reached XP level 6. HP: 43/51 MP: 3/8
  3177 | D:3      | Reached skill level 1 in Poison Magic
  3676 | D:3      | Found a runed translucent door.
  3677 | D:3      | Noticed Crazy Yiuf
  3842 | D:3      | Killed Crazy Yiuf
  4282 | D:4      | Found a radiant altar of Vehumet.
  4751 | D:4      | Found a basalt altar of Yredelemnul.
  4890 | D:5      | Entered Level 5 of the Dungeon
  4962 | D:5      | Reached XP level 7. HP: 11/57 MP: 2/9
  5151 | D:5      | Noticed Eustachio
  5155 | D:5      | Reached skill level 6 in Unarmed Combat
  5188 | D:4      | Slain by a shadow imp

Illustrated notes

Levels and vault maps discovered:
D:1:      grunt_arrival_lava_bath, layout_basic, chequers_serial_rivers_marsh
D:2:      layout_rooms, elyvilon_altar_3, minmay_misc_feat_cross
D:3:      layout_basic, uniq_sigmund, uniq_crazy_yiuf_cottage, uniq_robin
D:4:      layout_cave_pools, vehumet_crystals, first_ration,
          yredelemnul_altar_generic
D:5:      layout_layer_cave, uniq_eustachio

Skill      XL: |  1  2  3  4  5  6  7 |
---------------+----------------------+-----
Fighting       | 2 3 |  3.0
Unarmed Combat | 4 5 6 |  6.1
Dodging        | 3 |  3.0
Spellcasting   | 2 |  2.6
Transmutations | 2 |  2.9
Poison Magic   | 1 |  1.9

Action                   |  1- 3 |  4- 6 |  7- 9 || total
-------------------------+-------+-------+-------++-------
Melee: Unarmed           |    81 |   119 |    17 ||   217
       Headbutt          |    12 |     3 |     1 ||    16
       Kick              |     8 |     9 |       ||    17
 Cast: Beastly Appendage |    23 |     8 |       ||    31
       Spider Form       |       |    15 |     2 ||    17
  Eat: Chunk             |     5 |    10 |       ||    15
       Ration            |       |       |     1 ||     1
Armor: Robe              |    35 |    17 |     8 ||    60
       Skin              |       |     1 |     2 ||     3
Dodge: Dodged            |    82 |   110 |    35 ||   227
